 Dungeon Crawl Stone Soup version 0.29-a0-356-g7bc237e783 (webtiles) character file.

Game seed: 858696810280230095

354 HendSelp the Insei (level 6, -15/36 HPs)
             Began as a Tengu Gladiator on Apr 26, 2022.
             Killed by divine providence
             ... invoked by an orc priest
              (16 damage)
             ... on level 3 of the Dungeon.
             The game lasted 00:03:23 (3186 turns).

HendSelp the Insei (Tengu Gladiator)                Turns: 3186, Time: 00:03:24

Health: -15/36     AC:  3    Str: 16    XL:     6   Next: 62%
Magic:  7/7        EV: 16    Int:  8    God:
Gold:   191        SH:  0    Dex: 16    Spells: 5/5 levels left

rFire   . . .      SeeInvis .     - Unarmed
rCold   . . .      Faith    .   (no shield)
rNeg    . . .      Spirit   .   a - +0 leather armour
rPois   .          Reflect  .   b - +0 hat
rElec   .          Harm     .   (no cloak)
rCorr   .          Rampage  .   (no gloves)
Will    .....                   (boots unavailable)
Stlth   +.........              (no amulet)
HPRegen 0.12/turn               (no ring)
MPRegen 0.10/turn               (no ring)

@: flying quickly and evasively, hasted, very quick
A: beak, talons 3, nimble flight
a: no special abilities


You were on level 3 of the Dungeon.
You visited 1 branch of the dungeon, and saw 3 of its levels.

You collected 191 gold pieces.

Inventory:

Missiles
 c - 3 throwing nets (quivered)
Armour
 a - a +0 leather armour (worn)
 b - a +0 hat (worn)
Wands
 h - a wand of flame (15)
Scrolls
 k - a scroll of identify
Potions
 e - 2 potions of mutation
 i - 2 potions of magic


   Skills:
 * Level 2.8 Fighting
 - Level 2.0 Throwing
 * Level 3.4 Armour
 * Level 4.7 Dodging
 * Level 5.6 Unarmed Combat


You had 5 spell levels left.
You didn't know any spells.
Your spell library contained the following spells:

 Spells                   Type           Power      Damage    Failure   Level
 Animate Skeleton         Necr           0%         N/A       45%         1
 Apportation              Tloc           0%         N/A       45%         1
 Foxfire                  Conj/Fire      0%         2x1d4     45%         1
 Magic Dart               Conj           0%         1d3       45%         1
 Summon Small Mammal      Summ           0%         N/A       45%         1
 Searing Ray              Conj           0%         2d4       61%         2
 Sublimation of Blood     Necr           0%         N/A       61%         2
 Wereblood                Tmut           0%         N/A       61%         2
 Conjure Flame            Conj/Fire      0%         6-21      83%         3
 Inner Flame              Hex/Fire       0%         N/A       83%         3
 Summon Guardian Golem    Hex/Summ       0%         N/A       83%         3
 Flame Wave               Conj/Fire      0%         2d4       99%         4
 Fulminant Prism          Conj/Hex       0%         3d6       99%         4
 Orb of Destruction       Conj           0%         9d5       100%        7
 Spellforged Servitor     Conj/Summ      0%         N/A       100%        7
 Summon Hydra             Summ           0%         N/A       100%        7


Dungeon Overview and Level Annotations

Branches:
Dungeon (3/15)

Altars:
Beogh

Shops:
D:2 (   D:3 =!


Innate Abilities, Weirdness & Mutations

You have a beak for a mouth.
You have claws for feet.
Your magical nature lets you fly swiftly and evasively.


Message History

Unknown command.
Unknown command.
Unknown command.
Unknown command.
Unknown command.
Unknown command.
Unknown command.
Unknown command.
Throw: javelin
Press: ? - help, Q - select action, (/) - cycle Shift-Dir - straight line, f/p - orc priest
Aim: an orc priest, wielding a +0 hand axe and wearing a +0 ring mail (heavily wounded, 65% to hit)
You throw a javelin.
The javelin barely misses the ball python.
The javelin pierces through the orc priest.
The orc priest is severely wounded.
The ball python closely misses you. x2
Unknown command.
Unknown command.
Unknown command.
Unknown command.
Unknown command.
Unknown command.
Unknown command.
Unknown command.
Unknown command.
Unknown command.
Unknown command.
Aiming: Throw Flame
Press: ? - help, Shift-Dir - straight line, f/p - orc priest
Aim: an orc priest, wielding a +0 hand axe and wearing a +0 ring mail (severely wounded, 72% to hit)
The puff of flame hits the orc priest.
The orc priest is almost dead.
The ball python bites you.
* * * LOW HITPOINT WARNING * * *
The ball python misses you.
Unknown command.
Unknown command.
The orc priest mumbles some strange prayers to Beogh against you.
Beogh smites you!
You die...

.#..#.......... #.......
...###.'############....###
..#..#...##..............# #
..##...#o##..............###
####...................##.
.............#######....##.
#.......o.S..# #.......
#.....####...# #####..†
#..... #@..# #... #.....
#...# #... #..>.. #'#####
#######... #.... #.#...#
#......... #.#.#.#
#.......## #(#.#.# #.......#
#.#.#.# #.......# #...#.#
#....<..# #####.# #.......##


You could see an orc priest and a ball python.

Vanquished Creatures
  Sigmund (D:3)
  2 orc priests (D:3)
  Natasha (twice) (D:2)
  An orc wizard (D:3)
  2 adders (D:3)
  A worm (D:3)
  3 dart slugs
  An orc (D:3)
  3 ball pythons
  4 bats
  2 endoplasms (D:3)
  3 giant cockroaches
  3 goblins
  4 hobgoblins
  8 jackals
  2 frilled lizards
  4 rats
46 creatures vanquished.

Vanquished Creatures (others)
  A plant (D:3)
1 creature vanquished.

Grand Total: 47 creatures vanquished

Notes
Turn   | Place    | Note
-------+----------+-------------------------------------------
     0 | D:1      | HendSelp the Tengu Gladiator began the quest for the Orb.
     0 | D:1      | Reached XP level 1. HP: 12/12 MP: 2/2
   138 | D:1      | Reached XP level 2. HP: 17/17 MP: 3/3
   323 | D:1      | Found a faded altar of an unknown god.
   693 | D:2      | Reached XP level 3. HP: 21/21 MP: 4/4
   825 | D:2      | Found Kefe's Antique Weapon Shoppe.
   982 | D:2      | Noticed Natasha
   991 | D:2      | Killed Natasha
   992 | D:2      | Reached skill level 1 in Armour
   992 | D:2      | Reached skill level 4 in Unarmed Combat
   992 | D:2      | Reached XP level 4. HP: 25/26 MP: 5/5
  1235 | D:2      | Noticed Natasha
  1240 | D:2      | Killed Natasha
  1360 | D:2      | Identified the +0 whip of Disharmony {pain, Drain rN+
                  | Dex+3}
  1747 | D:3      | Found Kaomm's Distillery.
  1982 | D:3      | Found Nolian's Jewellery Shop.
  2069 | D:3      | Gained mutation: Your magical nature lets you fly swiftly
                  | and evasively. [Tengu growth]
  2069 | D:3      | Reached XP level 5. HP: 22/31 MP: 6/6
  2077 | D:3      | Reached skill level 5 in Unarmed Combat
  2485 | D:3      | Noticed Sigmund
  2491 | D:3      | Noticed an orc warrior
  2844 | D:3      | Killed Sigmund
  2845 | D:3      | Reached XP level 6. HP: 11/36 MP: 7/7
  3184 | D:3      | HP: 1/36 [ball python (2)]
  3186 | D:3      | Killed from afar by an orc priest

Illustrated notes

Levels and vault maps discovered:
D:1:      ncdulo_watergridlock, layout_rooms, ebering_ecumenical_altar_webs,
          item_on_display_a
D:2:      layout_loops_cross, serial_shops, shop, uniq_natasha
D:3:      layout_basic, serial_shops,
          nicolae_shop_temple_entry_statues_fountains,
          nicolae_shop_temple_entry_statues_fountains, nicolae_shop_trees,
          serial_forest, infiniplex_forest_clump_small,
          infiniplex_forest_fountain, infiniplex_forest_end_2,
          infiniplex_forest_lined_4_way, infiniplex_forest_clump_medium,
          infiniplex_forest_clump_large, infiniplex_forest_straight_2,
          infiniplex_forest_end_double, mrwooster_statue_mirror,
          roderic_serpentine_path, minmay_strange_pillars,
          kennysheep_orc_chapel, uniq_sigmund

Skill      XL: |  1  2  3  4  5 |
---------------+----------------+-----
Armour         | 1 2 3 |  3.4
Dodging        | 4 |  4.7
Unarmed Combat | 4 5 |  5.6
Fighting       | |  2.8
Throwing       | |  2.0

Action                   |  1- 3 |  4- 6 || total
-------------------------+-------+-------++-------
Melee: Unarmed           |    69 |    63 ||   132
       Kick              |    18 |    17 ||    35
       Peck              |    13 |    10 ||    23
       Punch             |       |     2 ||     2
Throw: Javelin           |       |     6 ||     6
Evoke: Wand              |       |     1 ||     1
  Use: Scroll            |     8 |     4 ||    12
       Potion            |       |     5 ||     5
 Stab: Sleeping          |     2 |       ||     2
Armor: Leather armour    |    13 |    12 ||    25
Dodge: Dodged            |    39 |    61 ||   100

Table legend: (Time is in decaauts)
 A = Elapsed time spent in this place.
 B = Non-inter-level travel time spent in this place.
 C = Inter-level travel time spent in this place.
 D = Time resting spent in this place.
 E = Time spent auto-exploring this place.
 F = Levels seen in this place.
 G = Mean time per level.
                   A        B        C        D        E       F      G
               +--------+--------+--------+--------+--------+-----+--------+
         Total |   3131 |   3088 |     43 |    262 |   2475 |   3 | 1043.7 |
       Dungeon |   3131 |   3088 |     43 |    262 |   2475 |   3 | 1043.7 |
               +--------+--------+--------+--------+--------+-----+--------+

Top non-repeatable levels by time:
     D:3: 1754 daAuts
     D:2: 915 daAuts
     D:1: 461 daAuts
